AoeStats
← 739697286

Socotra

506591677Analyzed
4v4 RM · 19d ago on Sep 14, 2026· 25m 8s· 8 players
Game mode
Random Map
Map size
148×148
Population
200
Speed
Normal
Resources
Standard
Victory
Conquest
Starting age
Dark Age
Ending age
Imperial Age
RankedLock teamsTeams togetherTeam positionsShared explorationLock speedFull tech treeHidden civsTurbo modeCheats
Victory
Defeat
🇲🇽 Mongols · Mexico
1556
+11
1484
+14
🇺🇸 Malay · United States
1482
+13
🇲🇽 Persians · Mexico
1482
+14
🇺🇸 Ethiopians · United States
1460
-14
🇨🇳 Persians · China
1442
-13
🇯🇵 Mongols · Japan
1435
-13
🇻🇳 Magyars · Vietnam
1418
-12
雲
5:44 Loom
9:08 Feudal Age
12:48 Double-Bit Axe
17:06 Fletching
23:51 Castle Age
23:34 Gold Mining
24:28 Bodkin Arrow
23:59 Crossbowman
Nekomi
8:42 Feudal Age
9:29 Double-Bit Axe
22:48 Loom
Giong
11:05 Feudal Age
10:04 Loom
12:01 Double-Bit Axe
13:54 Horse Collar
739697286
1:29 Loom
11:18 Loom
23:54 Feudal Age
DS_SayGG
11:22 Feudal Age
11:22 Loom
14:11 Castle Age
14:03 Double-Bit Axe
20:01 Scale Barding Armor
20:56 Gold Mining
23:28 Scale Barding Armor
VNaif
1:14 Loom
8:44 Feudal Age
13:03 Double-Bit Axe
14:09 Fletching
DSLGTCD
5:17 Loom
CTM | black forest best map
6:53 Loom
9:00 Feudal Age
9:38 Double-Bit Axe
9:34 Horse Collar
22:40 Castle Age
20:50 Gold Mining
21:48 Scale Barding Armor
21:53 Forging
23:24 Husbandry
23:46 Chain Barding Armor
Connection lost

Rejoining the realm…

Still unreachable

The connection could not be restored.

Session expired

The server has moved on; the page needs a fresh start.